 Dungeon Crawl Stone Soup version 0.30.0-5-g1a98f26d00 (webtiles) character file.

Game seed: 66678252227643746

25557 Demosthentine the Fighter (level 12, -10/83 (90) HPs)
             Began as a Demonspawn Gladiator on May 10, 2023.
             Was a Priest of Hepliaklqana.
             Mangled by Rupert
             ... wielding a +0 great mace of draining
              (24 damage)
             ... on level 13 of the Dungeon.
             The game lasted 00:19:03 (11823 turns).

Demosthentine the Fighter (Demonspawn Gladiator)   Turns: 11823, Time: 00:19:03

HP:   -10/83 (90)   AC:  8    Str: 18    XL:     12   Next: 90%
MP:   20/20         EV: 20    Int:  9    God:    Hepliaklqana [***...]
Gold: 1134          SH:  6    Dex: 23    Spells: 11/11 levels left

rFire   + . .        A - +5 trident
rCold   . . .        q - +0 buckler
rNeg    . . .        u - +0 troll leather armour
rPois   .            c - +1 helmet
rElec   .            (no cloak)
rCorr   .            d - +0 pair of gloves
SInv    .            (boots unavailable)
Will    .....        g - amulet of regeneration
Stlth   ++           w - +6 ring of dexterity
HPRegen 1.93/turn    m - ring of protection from fire
MPRegen 0.17/turn

%: no passive effects
@: mighty, marked, drained
A: reduced essence, hooves 3, powered by death 2, powered by pain 2
a: Renounce Religion, Recall Ancestor, Ancestor Identity, Transference


You were on level 13 of the Dungeon.
You worshipped Hepliaklqana.
Hepliaklqana was most pleased with you.
You visited 2 branches of the dungeon, and saw 14 of its levels.

You collected 1176 gold pieces.
You spent 42 gold pieces at shops.

Inventory:

Hand Weapons
 A - a +5 trident (weapon)
Missiles
 e - 3 javelins (quivered)
 o - 6 datura-tipped darts
Armour
 c - a +1 helmet (worn)
 d - a +0 pair of gloves (worn)
 q - a +0 buckler (worn)
 u - a +0 troll leather armour (worn)
Jewellery
 g - an amulet of regeneration (around neck)
 m - a ring of protection from fire (right hand)
 w - a +6 ring of dexterity (left hand)
 H - a +6 ring of strength
Wands
 i - a wand of iceblast (8)
 l - a wand of flame (42)
 n - a wand of acid (3)
 p - a wand of polymorph (9)
 y - a wand of paralysis (16)
 z - a wand of mindburst (13)
Scrolls
 h - 3 scrolls of teleportation
 j - a scroll of fog
 s - 4 scrolls of amnesia
 x - a scroll of identify
 B - 2 scrolls of magic mapping
Potions
 b - a potion of might
 f - 3 potions of brilliance
 k - a potion of curing
 r - 3 potions of mutation
 t - 4 potions of attraction
 v - a potion of ambrosia
 D - 7 potions of lignification {unknown}
 F - 5 potions of flight {unknown}
 G - 2 potions of haste


   Skills:
 + Level 11.1 Fighting
 + Level 10.4 Polearms
 - Level 1.7 Throwing
 - Level 6.0 Armour
 + Level 10.4 Dodging
 - Level 4.1 Shields
 + Level 11.0 Invocations


You had 11 spell levels left.
You didn't know any spells.
Your spell library contained the following spells:

 Spells                   Type           Power      Damage    Failure   Level
 Freeze                   Ice            0%         1d3       52%         1
 Magic Dart               Conj           0%         1d3       52%         1
 Shock                    Conj/Air       0%         1d3       52%         1
 Lesser Beckoning         Tloc           0%         N/A       65%         2
 Searing Ray              Conj           0%         2d4       65%         2
 Frozen Ramparts          Ice            0%         1d1       87%         3
 Gell's Gravitas          Tloc           0%         N/A       87%         3
 Hailstorm                Conj/Ice       0%         3d3       87%         3
 Mephitic Cloud           Conj/Pois/Air  0%         N/A       87%         3
 Portal Projectile        Hex/Tloc       0%         N/A       87%         3
 Teleport Other           Tloc           0%         N/A       87%         3
 Tukima's Dance           Hex            0%         N/A       87%         3
 Vhi's Electric Charge    Tloc/Air       0%         N/A       87%         3
 Animate Armour           Summ/Erth      0%         N/A       99%         4
 Fulminant Prism          Conj/Hex       0%         3d5       99%         4
 Ice Form                 Ice/Tmut       0%         N/A       99%         4
 Petrify                  Tmut/Erth      0%         N/A       99%         4
 Arcjolt                  Conj/Air       0%         1d10      100%        5
 Blade Hands              Tmut           0%         N/A       100%        5
 Metabolic Englaciation   Hex/Ice        0%         N/A       100%        5
 Dispersal                Tloc           0%         N/A       100%        6
 Iron Shot                Conj/Erth      0%         9d1       100%        6
 Plasma Beam              Fire/Air       0%         2x1d11    100%        6
 Simulacrum               Ice/Necr       0%         N/A       100%        6
 Statue Form              Tmut/Erth      0%         N/A       100%        6


Dungeon Overview and Level Annotations

Branches:
Dungeon (13/15)            Temple (1/1) D:6            Lair (0/5) D:9
    Orc (0/2) D:12         Vaults (0/5) D:13

Altars:
Ashenzari
Cheibriados
Dithmenos
Fedhas
Gozag
Hepliaklqana
Kikubaaqudgha
Makhleb
Nemelex Xobeh
Okawaru
Qazlal
Ru
Sif Muna
Trog
Uskayaw
Vehumet
Wu Jian
Xom
Yredelemnul

Shops:
D:2 !   D:8 (

Annotations:
D:9 exclusion: oklob plant
D:13 Rupert


Innate Abilities, Weirdness & Mutations

Your life essence is reduced to manifest your ancestor. (-10% HP)
You have hooves in place of feet.
You regenerate health from kills.
You sometimes gain power by taking damage.


Message History

The centaur warrior shoots an arrow.
The arrow hits you.
Bintanath points at the human and mumbles some strange words.
The human resists with significant effort.
Rupert hits you with a +0 great mace of draining!
You feel drained.
You can move again.
You hit Rupert. You kick Rupert!
Rupert is lightly wounded.
The centaur warrior shoots an arrow.
The arrow hits you!
The human hits Bintanath.
Bintanath barely misses the human.
Unknown command.
You puncture Rupert! You kick Rupert!
Rupert is moderately wounded.
Rupert hits you with a +0 great mace of draining!!
You feel drained.
* * * LOW HITPOINT WARNING * * *
Bintanath casts a spell at the human.
The human resists with significant effort.
The human barely misses Bintanath.
The centaur warrior unwields a +0 shortbow.
The centaur warrior hits you!
* * * LOW HITPOINT WARNING * * *
The centaur warrior kicks you but does no damage.
You barely miss Rupert. You kick Rupert, but do no damage.
Rupert is moderately wounded.
Rupert barely misses you.
Bintanath hits the human with a +0 dagger of draining.
The human completely misses Bintanath.
The centaur warrior hits you but does no damage.
The centaur warrior completely misses you.
Bintanath points at the human and mumbles some strange words.
The human appears confused.
Unknown command.
You hit Rupert but do no damage. Your kick misses Rupert.
Rupert is moderately wounded.
The centaur warrior hits you.
* * * LOW HITPOINT WARNING * * *
The centaur warrior kicks you but does no damage.
Rupert hits you with a +0 great mace of draining!!
You die...

#.#.#.# #########..#..### #####
#### ###...###...#.#...###...###
#...
##..#.#...#.#...#.#...#.#..###...
#....#.....#.....#..†..#....##...
#...#.#...#.#...#.#...#.#R..##...
..##...###...#.#...###...##..#...
#.###### ###..#c.### #######.#..>
### #.#p#@# #.'... ##.p@## ###...
#.).## #... ##R..## ### ###.
#p#.#.# <. ###
#####+###..#..##'### # ###..
#.......#p#.#.#....##. .....
#.......##.()##....'.. #..
#.......##)).##....# #..


You could see the friendly Bintanath the hexer, Rupert, a centaur warrior and 4
humans.

Vanquished Creatures
  5 centaur warriors
  A catoblepas (D:9)
  A death yak (D:9)
  2 boulder beetles
  2 two-headed ogres
  The ghost of backslashecho the Skirmisher, a novice DsHu of Gozag (D:9)
  A manticore (D:12)
  Pikel (D:7)
  2 cyclopes
  A gargoyle (D:13)
  5 trolls
  4 hornets
  A tarantella (shapeshifter) (D:13)
  3 slime creatures (D:12)
  2 wyverns
  A wraith (D:12)
  2 shadows
  4 yaks (D:11)
  A fire elemental (D:11)
  3 humans (D:13)
  4 fire bats (D:10)
  A basilisk (D:9)
  7 vampire mosquitoes
  2 acid dragons
  3 water moccasins
  4 orc warriors
  An ice beast (D:8)
  2 black bears
  2 lemures (D:7)
  13 centaurs
  A phantom (D:5)
  2 kobold brigands
  3 bullfrogs
  6 scorpions
  7 wights
  3 killer bees (D:9)
  6 howler monkeys
  3 lava snakes
  5 jellies
  9 orc priests
  5 hounds
  A gnoll bouda (D:5)
  5 iguanas
  Natasha (thrice) (D:3)
  11 orc wizards
  15 gnolls
  9 adders
  8 river rats (D:6)
  3 white imps
  3 worms
  4 dart slugs
  44 orcs
  5 ball pythons
  12 endoplasms
  A giant cockroach (D:3)
  7 goblins
  5 hobgoblins
  7 kobolds
  8 quokkas
  A training dummy (D:8)
  5 bats
  5 frilled lizards
  18 rats
  A fire vortex (D:10)
313 creatures vanquished.

Vanquished Creatures (collateral kills)
  A hydra (D:12)
  A deep elf pyromancer (D:13)
  An ugly thing (D:13)
  A cyclops (D:13)
  A manticore (D:13)
  A gargoyle (D:10)
  An efreet (D:13)
  A troll (D:10)
  A hornet (D:9)
  A slime creature (D:12)
  A shadow (D:13)
  2 yaks (D:11)
  A wyvern (D:9)
  A vampire (D:10)
  3 humans (D:13)
  2 vampire mosquitoes (D:13)
  A warg (D:12)
  3 acid dragons
  A hell hound (D:10)
  An orc warrior (D:9)
  A howler monkey (D:11)
  3 orc wizards
  3 orcs
  2 training dummies (D:8)
35 creatures vanquished.

Vanquished Creatures (others)
  2 ancestors (D:9)
  7 hexers
  2 fire vortices (D:10)
11 creatures vanquished.

Grand Total: 359 creatures vanquished

Notes
Turn   | Place    | Note
-------+----------+-------------------------------------------
     0 | D:1      | Demosthentine the Demonspawn Gladiator began the quest for
                  | the Orb.
     0 | D:1      | Reached XP level 1. HP: 16/16 MP: 1/1
    75 | D:1      | Gained mutation: You sometimes gain a little power by
                  | taking damage. [demonic ancestry]
    75 | D:1      | Reached XP level 2. HP: 20/22 MP: 2/2
   730 | D:2      | Reached skill level 1 in Armour
   730 | D:2      | Gained mutation: You have large cloven feet. [demonic
                  | ancestry]
   730 | D:2      | Reached XP level 3. HP: 17/28 MP: 3/3
   777 | D:2      | Found Hoicveraf's Distillery.
   976 | D:2      | Found a faded altar of an unknown god.
  1326 | D:1      | Gained mutation: You have hoof-like feet. [demonic
                  | ancestry]
  1326 | D:1      | Reached XP level 4. HP: 17/34 MP: 4/4
  1954 | D:3      | Found a radiant altar of Vehumet.
  1996 | D:3      | Noticed Natasha
  2002 | D:3      | Killed Natasha
  2156 | D:3      | Gained mutation: You have hooves in place of feet. [demonic
                  | ancestry]
  2156 | D:3      | Reached XP level 5. HP: 36/41 MP: 5/5
  2339 | D:3      | Noticed Natasha
  2347 | D:3      | Killed Natasha
  2444 | D:3      | Noticed Natasha
  2454 | D:3      | Killed Natasha
  2755 | D:3      | Found a burning altar of Makhleb.
  3101 | D:4      | Gained mutation: You sometimes gain power by taking damage.
                  | [demonic ancestry]
  3101 | D:4      | Reached XP level 6. HP: 47/47 MP: 6/6
  3192 | D:4      | Reached skill level 1 in Shields
  3399 | D:4      | Found a shadowy altar of Dithmenos.
  3919 | D:5      | Entered Level 5 of the Dungeon
  4002 | D:5      | Found a hide-covered altar of Uskayaw.
  4166 | D:5      | Reached XP level 7. HP: 40/53 MP: 4/7
  5214 | D:5      | Reached XP level 8. HP: 55/61 MP: 6/8
  5683 | D:6      | Reached skill level 5 in Dodging
  5685 | D:6      | Reached skill level 5 in Polearms
  5731 | D:5      | Reached skill level 5 in Fighting
  5771 | D:6      | Found a staircase to the Ecumenical Temple.
  5883 | Temple   | Entered the Ecumenical Temple
  5917 | Temple   | Became a worshipper of Hepliaklqana the Forgotten
  6272 | D:6      | Reached XP level 9. HP: 27/69 MP: 9/9
  6740 | D:7      | Noticed Pikel
  6764 | D:7      | Killed Pikel
  6765 | D:7      | Reached skill level 5 in Armour
  7247 | D:7      | Found a sparkling altar of Nemelex Xobeh.
  7259 | D:7      | Reached * piety under Hepliaklqana
  7785 | D:8      | Gained mutation: You regenerate a little health from kills.
                  | [demonic ancestry]
  7785 | D:8      | Reached XP level 10. HP: 19/71 MP: 10/10
  7872 | D:8      | Reached skill level 1 in Invocations
  8139 | D:8      | Found Hoigudoll's Firing Range.
  8143 | D:8      | Bought a throwing net for 42 gold pieces
  8464 | D:9      | Noticed a centaur warrior
  8465 | D:9      | Noticed a death yak
  8695 | D:9      | Noticed a centaur warrior
  8709 | D:9      | Noticed a catoblepas
  8728 | D:9      | Noticed a two-headed ogre
  8740 | D:9      | Killed a two-headed ogre
  8748 | D:9      | Got the Vademecum on Fumes
  8776 | D:9      | Killed a death yak
  8789 | D:9      | Killed a centaur warrior
  8790 | D:9      | Reached skill level 5 in Invocations
  8821 | D:9      | Found an ancient bone altar of Kikubaaqudgha.
  8844 | D:9      | Found a staircase to the Lair.
  8855 | D:9      | Reached ** piety under Hepliaklqana
  8856 | D:9      | Remembered your ancestor Bintanath as a hexer
  8867 | D:9      | Found a stormy altar of Qazlal.
  8881 | D:9      | Found a large runed translucent door.
  8882 | D:9      | Found a large runed translucent door.
  8884 | D:9      | Noticed backslashecho's ghost (novice DsHu)
  8957 | D:9      | Paralysed by a hornet for 3 turns
  9020 | D:9      | Killed a centaur warrior
  9021 | D:9      | Reached XP level 11. HP: 38/78 MP: 15/15
  9076 | D:9      | Killed a catoblepas
  9240 | D:9      | Found a sacrificial altar of Ru.
  9345 | D:9      | Found a blossoming altar of Fedhas.
  9361 | D:9      | Noticed an oklob plant
  9618 | D:9      | Killed backslashecho's ghost
  9659 | D:10     | Entered Level 10 of the Dungeon
 10163 | D:11     | Noticed a boulder beetle
 10173 | D:11     | Noticed a two-headed ogre
 10181 | D:11     | Killed a boulder beetle
 10189 | D:11     | Killed a two-headed ogre
 10539 | D:12     | Gained mutation: You regenerate health from kills. [demonic
                  | ancestry]
 10539 | D:12     | Reached XP level 12. HP: 87/87 MP: 18/18
 10554 | D:12     | Reached skill level 10 in Fighting
 10598 | D:12     | Found a staircase to the Orcish Mines.
 10646 | D:12     | Reached *** piety under Hepliaklqana
 10877 | D:12     | Noticed a five-headed hydra
 10885 | D:12     | Killed a five-headed hydra
 11334 | D:13     | Noticed a centaur warrior
 11341 | D:13     | Killed a centaur warrior
 11348 | D:13     | Reached skill level 10 in Invocations
 11414 | D:13     | Reached skill level 10 in Polearms
 11435 | D:13     | Reached skill level 10 in Dodging
 11533 | D:13     | Noticed Rupert
 11534 | D:13     | Found a gate to the Vaults.
 11535 | D:13     | Noticed a centaur warrior
 11535 | D:13     | Noticed a centaur warrior
 11553 | D:13     | HP: 1/76 [Rupert/+0 great mace of draining (6)]
 11609 | D:13     | Noticed a boulder beetle
 11614 | D:13     | Killed a boulder beetle
 11647 | D:13     | Paralysed by Rupert for 4 turns
 11702 | D:13     | Noticed a centaur warrior
 11708 | D:13     | Killed a centaur warrior
 11720 | D:13     | Noticed a centaur warrior
 11734 | D:13     | Killed a centaur warrior
 11818 | D:13     | Paralysed by Rupert for 2 turns
 11823 | D:13     | Mangled by Rupert

Illustrated notes

Levels and vault maps discovered:
D:1:      minmay_arrival_cross, layout_loops_cross, serial_forest,
          infiniplex_forest_straight_1, infiniplex_forest_clump_small,
          infiniplex_forest_join, infiniplex_forest_lined_3,
          infiniplex_forest_lined_4_way, infiniplex_forest_clump_diagonal
D:2:      layout_basic, serial_shops, shop,
          dreamdust_ecumenical_altar_angels_and_demons,
          minmay_fractal_squares_gapless_5
D:3:      layout_basic, lemuel_round_altar, lightli_temple_of_fire,
          serial_aquarium, aquarium_bridge_square [aquarium_subvault_wall,
          aquarium_subvault_window, aquarium_subvault_window,
          aquarium_subvault_bridge], aquarium_bridge_long_separate
          [aquarium_subvault_window, aquarium_subvault_bridge,
          aquarium_subvault_window, aquarium_subvault_bridge,
          aquarium_subvault_bridge, aquarium_subvault_bridge],
          aquarium_window_corner, aquarium_window_2, aquarium_window_2,
          aquarium_view_2b, aquarium_balcony_3a, grunt_ministairs_5,
          skrybe_limestone_x, moated_statue, uniq_natasha
D:4:      layout_basic, grunt_dithmenos_smoke
D:5:      layout_basic, eat_drink_and_be_merry_uskayaw
D:6:      lemuel_ratsnest, layout_basic, temple_fountains, serial_glass,
          glass_columns_b, glass_columns_a
D:7:      layout_basic, minmay_ruined_shrine, uniq_pikel
D:8:      layout_basic, minmay_misc_feat_tiny, nicolae_shop_firing_range
D:9:      layout_rooms, tgw_fedhas, kiku_gazebo_garden_becter,
          nicolae_qazlal_style_of_elements, mainiacjoe_overflow_small_starburst,
          david_lair_generic, ebering_ghost_disaster_area,
          minmay_fractal_squares_gapless_7
D:10:     layout_rooms, hangedman_incinerator
D:11:     layout_big_octagon
D:12:     layout_basic, david_orc_3
D:13:     layout_roguey, david_vaults_3, nicolae_twisting_strands
Temple:   nicolae_temple_superstar

Skill      XL: |  1  2  3  4  5  6  7  8  9 10 11 12 |
---------------+-------------------------------------+-----
Dodging        | 3 4 5 6 8 9 10 | 10.4
Polearms       | 3 4 5 6 8 9 10 | 10.4
Armour         | 1 2 3 4 6 |  6.0
Fighting       | 3 4 5 7 8 9 11 | 11.1
Shields        | 1 2 4 |  4.1
Invocations    | 5 8 11 | 11.0
Throwing       | |  1.7

Action                     |  1- 3 |  4- 6 |  7- 9 | 10-12 || total
---------------------------+-------+-------+-------+-------++-------
  Melee: Trident           |   104 |   184 |   443 |   526 ||  1257
         Kick              |     6 |    38 |    98 |   166 ||   308
         Punch             |     1 |     1 |     3 |       ||     5
  Throw: Throwing net      |     1 |       |     2 |     4 ||     7
         Dart              |       |       |       |     2 ||     2
 Invoke: Recall Ancestor   |       |       |       |     1 ||     1
         Ancestor Life: He |       |       |       |     1 ||     1
    Use: Scroll            |     1 |    10 |     5 |     9 ||    25
         Potion            |       |       |     2 |     7 ||     9
   Stab: Sleeping          |     3 |     5 |     6 |     2 ||    16
         Held in net/web   |     1 |       |     1 |     4 ||     6
         Distracted        |       |       |     1 |     4 ||     5
         Confused          |       |       |       |    10 ||    10
 Armour: Leather armour    |    19 |    31 |    87 |    34 ||   171
         Troll leather arm |       |       |       |    40 ||    40
  Dodge: Dodged            |    51 |   100 |   244 |   333 ||   728
  Block: Buckler           |       |       |    37 |   131 ||   168
